Map: [ESL] Data-C

Players

Harstem

  • Race: Protoss Protoss
  • Spawn Location: 3:00

Clem - Winner!

  • Race: Terran Terran
  • Spawn Location: 9:00

Event: DreamHack SC2 Masters 2022 Atlanta (Online)

VOD

Have the link to the VOD?

Description

Time

  • Played on: Oct. 9, 2022, 12:55 p.m.
  • Length: 7:47

All games in this series

Show
View Real Time Build Order
Export as new Build Order

Harstem Protoss 

Build Orders: 1 Gate Expand, Oracle Opening 

Get SALT Encoding   

  12  0:00  Probe  
  13  0:12  Probe  
  14  0:17  Pylon  
  14  0:24  Probe (Chrono Boost)  
  15  0:36  Gateway  
  15  0:37  Probe (Chrono Boost)  
  16  0:44  Probe (Chrono Boost)  
  17  0:51  Probe  
  19  1:11  Nexus  
  18  1:15  Assimilator  
  18  1:25  Cybernetics Core  
  18  1:29  Probe  
  19  1:36  Pylon  
  19  1:41  Probe  
  20  1:48  Assimilator  
  20  1:53  Probe  
  21  1:58  Stalker (Chrono Boost)  
  23  2:07  Shield Battery, Probe  
  24  2:20  Probe  
  24  2:21  Stalker (Chrono Boost)  
  24  2:22  Probe  
  28  2:32  Probe  
  28  2:34  Probe  
  30  2:43  Sentry (Chrono Boost)  
  30  2:44  Probe  
  31  2:46  Probe  
  34  2:56  Probe  
  35  2:58  Probe  
  36  3:08  Probe  
  36  3:11  Warp Gate (Chrono Boost), Oracle  
  36  3:12  Probe  
  38  3:19  Nexus  
  38  3:20  Probe  
  38  3:25  Probe  
  40  3:32  Probe  
  41  3:34  Pylon  
  41  3:37  Probe  
  42  3:44  Probe  
  42  3:45  Pylon  
  43  3:49  Probe  
  44  3:56  Probe  
  44  4:02  Probe (Chrono Boost)  
  44  4:08  Gateway, Probe (Chrono Boost)  
  44  4:09  Gateway  
  44  4:10  Forge  
  44  4:12  Twilight Council  
  43  4:17  Probe (Chrono Boost)  
  43  4:19  Probe (Chrono Boost)  
  43  4:20  Assimilator  
  45  4:25  Probe (Chrono Boost)  
  45  4:27  Shield Battery  
  45  4:28  Probe (Chrono Boost)  
  45  4:30  Probe (Chrono Boost)  
  46  4:32  Probe (Chrono Boost)  
  46  4:35  Probe  
  49  4:38  Pylon  
  49  4:40  Probe  
  49  4:42  Protoss Ground Weapons Level 1 (Chrono Boost)  
  49  4:43  Probe  
  51  4:47  Probe  
  51  4:49  Shield Battery  
  51  4:52  Probe  
  53  4:55  Probe  
  53  4:58  Charge (Chrono Boost)  
  53  4:59  Probe (Chrono Boost)  
  51  5:04  Robotics Facility, Probe (Chrono Boost), Stalker  
  51  5:05  Stalker  
  56  5:11  Probe (Chrono Boost)  
  56  5:13  Probe (Chrono Boost)  
  59  5:14  Pylon  
  59  5:15  Probe (Chrono Boost)  
  59  5:17  Stalker  
  59  5:18  Probe (Chrono Boost)  
  59  5:20  Probe (Chrono Boost)  
  63  5:21  Probe (Chrono Boost)  
  63  5:25  Probe  
  65  5:30  Probe  
  65  5:32  Probe, Gateway  
  65  5:33  Gateway  
  65  5:37  Gateway  
  65  5:38  Probe  
  62  5:48  Stalker x2  
  64  5:58  Observer (Chrono Boost)  
  65  6:06  Gateway  
  65  6:07  Gateway x2  
  65  6:08  Probe  
  65  6:10  Sentry  
  68  6:17  Phoenix, Warp Prism (Chrono Boost)  
  69  6:18  Zealot  
  69  6:19  Zealot  
  69  6:22  Probe  
  69  6:23  Probe  
  69  6:24  Probe  
  76  6:27  Zealot  
  76  6:32  Templar Archives  
  78  6:34  Probe  
  78  6:35  Probe  
  78  6:37  Zealot  
  78  6:39  Zealot, Probe  
  85  6:48  Zealot x2, Stalker  
  81  6:55  Zealot  
  81  6:58  Sentry  
  81  6:59  Probe  
  81  7:00  Zealot x2  
  86  7:05  Zealot x2  
  86  7:09  Pylon  
  86  7:11  Probe  
  86  7:13  Zealot x3  
  81  7:22  Zealot x4  
  77  7:26  Zealot x2  
  77  7:27  Probe  
  72  7:38  Zealot x2  
Show
View Real Time Build Order
Export as new Build Order

Clem Terran - Winner!

Build Orders: Reaper Expand 

Get SALT Encoding   

  12  0:00  SCV  
  13  0:12  SCV  
  14  0:16  Supply Depot  
  14  0:24  SCV  
  15  0:38  SCV  
  15  0:39  Barracks  
  16  0:43  Refinery  
  16  0:50  SCV  
  17  1:02  SCV  
  18  1:14  SCV  
  19  1:26  Reaper, Orbital Command  
  20  1:40  Command Center  
  20  1:48  Supply Depot  
  20  1:55  Bunker  
  20  1:59  SCV  
  21  2:01  Marine  
  22  2:12  Factory  
  22  2:14  SCV  
  23  2:20  Barracks Reactor  
  23  2:24  Refinery  
  23  2:27  SCV  
  24  2:39  SCV  
  25  2:51  SCV  
  25  2:52  Orbital Command  
  25  2:56  Marine x2  
  25  2:57  Hellion  
  30  3:03  SCV  
  30  3:04  Starport  
  30  3:15  SCV, Marine x2  
  30  3:17  SCV  
  30  3:19  Widow Mine  
  36  3:26  Supply Depot  
  36  3:27  SCV  
  36  3:32  SCV  
  36  3:33  Marine x2  
  40  3:39  SCV  
  40  3:40  Widow Mine  
  43  3:41  Medivac  
  43  3:44  SCV  
  45  3:51  Barracks  
  45  3:52  SCV, Marine  
  45  3:54  Marine  
  48  3:56  SCV  
  49  4:03  Barracks  
  49  4:04  SCV  
  49  4:05  Widow Mine  
  52  4:10  Supply Depot, SCV  
  52  4:16  SCV, Medivac  
  54  4:29  Engineering Bay  
  54  4:32  SCV x2, Widow Mine, Refinery  
  54  4:33  Supply Depot  
  54  4:36  Marine x2  
  54  4:38  Barracks Tech Lab  
  60  4:44  SCV x2  
  62  4:46  Supply Depot  
  62  4:51  Barracks Tech Lab  
  62  4:56  SCV, Marine x2  
  62  4:57  SCV  
  66  5:01  Stimpack  
  66  5:05  Terran Infantry Weapons Level 1  
  66  5:08  Refinery, SCV  
  66  5:09  SCV, Combat Shield  
  66  5:10  Factory Reactor, Starport Reactor  
  66  5:12  Marine x2  
  70  5:14  Marine  
  70  5:17  Supply Depot  
  70  5:20  SCV  
  73  5:21  SCV  
  73  5:24  Supply Depot, Marine  
  74  5:31  Marauder  
  74  5:32  SCV  
  74  5:33  SCV  
  74  5:34  Supply Depot  
  78  5:38  Marine  
  78  5:39  Marauder  
  78  5:42  Marine  
  82  5:44  SCV  
  82  5:45  SCV  
  82  5:47  Supply Depot  
  84  5:52  Marauder  
  84  5:55  Widow Mine x2  
  89  5:57  Medivac  
  89  5:58  Medivac  
  89  6:00  Supply Depot, Marine  
  89  6:02  Marine  
  90  6:05  Marauder  
  92  6:16  Command Center  
  92  6:20  Widow Mine  
  92  6:21  Widow Mine  
  92  6:22  Marine  
  92  6:23  Marine  
  98  6:26  Marauder  
  98  6:29  Concussive Shells  
  100  6:33  Supply Depot, Marauder  
  100  6:39  Barracks  
  102  6:40  Barracks  
  102  6:43  SCV  
  102  6:44  SCV  
  102  6:46  Widow Mine  
  106  6:48  Marine  
  106  6:51  Supply Depot  
  106  6:52  Marauder  
  106  6:55  Marine  
  106  6:57  Medivac, Widow Mine  
  106  7:01  Medivac  
  112  7:03  SCV x2  
  112  7:07  Marine x2  
  115  7:10  Widow Mine  
  115  7:13  Marine  
  115  7:15  Supply Depot, Marine  
  115  7:19  Widow Mine  
  111  7:24  Marine  
  111  7:25  Marauder  
  111  7:29  SCV  
  117  7:31  Barracks Reactor, Barracks Tech Lab  
Tags
 
Add a new tag
Caveats
  • Supply blocks, unpowered buildings, or Contaminate may cause inaccurate times.
  • Supply counts are checked every 10 seconds.